 Dungeon Crawl Stone Soup version 0.19.3-1-g3169bf9 (webtiles) character file.

363 ponk the Basher (level 6, -3/62 HPs)
             Began as an Ogre Berserker on Jan 25, 2017.
             Was a Believer of Trog.
             Slain by an orc
             ... wielding a +0 trident
              (5 damage)
             ... on level 3 of the Dungeon.
             The game lasted 00:04:00 (1991 turns).

ponk the Basher (Ogre Berserker)                    Turns: 1991, Time: 00:04:00

Health: -3/62      AC:  4    Str: 23    XL:     6   Next: 67%
Magic:  6/6        EV: 10    Int:  6    God:    Trog [**....]
Gold:   85         SH:  0    Dex: 11    Spells: 0 memorised, 5 levels left

rFire  . . .     SeeInvis .     a - +0 mace
rCold  . . .     Gourm    .     b - +0 animal skin
rNeg   . . .     Faith    .     (no shield)
rPois  .         Spirit   .     (helmet restricted)
rElec  .         Reflect  .     k - +0 cloak
rCorr  .         Harm     .     (gloves unavailable)
MR     .....                    (boots unavailable)
Stlth  +.........               t - amulet of rage
                                (no ring)
                                (no ring)

@: lethally poisoned (-3 -> -5), exhausted, slowed, very slow
A: unfitting armour, tough skin 1
a: Berserk, Trog's Hand, Burn Spellbooks, Renounce Religion, Evoke Berserk Rage


You were on level 3 of the Dungeon.
You worshipped Trog.
Trog was pleased with you.
You were near starving.

You visited 1 branch of the dungeon, and saw 3 of its levels.

You collected 85 gold pieces.

Inventory:

Hand Weapons
 a - a +0 mace (weapon)
Missiles
 n - 3 curare-tipped needles
 q - 4 tomahawks (quivered)
Armour
 b - a +0 animal skin (worn)
 k - a +0 cloak (worn)
Jewellery
 t - an amulet of rage (around neck)
Wands
 v - a wand of polymorph (15/24)
Scrolls
 d - 2 scrolls of immolation {unknown}
 e - a scroll of noise {unknown}
 h - a scroll of random uselessness {unknown}
 i - 2 scrolls of fear {unknown}
 l - a scroll of enchant weapon {unknown}
 o - a scroll of blinking {unknown}
 p - a scroll of recharging {unknown}
 s - 3 scrolls of identify {unknown}
 w - a scroll of remove curse {unknown}
Potions
 f - 2 potions of haste {unknown}
 g - a potion of invisibility {unknown}
 j - a potion of berserk rage {unknown}
 m - a potion of heal wounds {unknown}
 r - a potion of agility {unknown}
 u - 2 potions of curing {unknown}
Comestibles
 c - 3 bread rations


   Skills:
 - Level 4.0 Fighting
 + Level 9.5 Maces & Flails
 - Level 2.6 Dodging


You had 5 spell levels left.
You didn't know any spells.

Dungeon Overview and Level Annotations

Branches:
Dungeon (3/15)

Altars:
Hepliaklqana
Qazlal
Yredelemnul


Innate Abilities, Weirdness & Mutations

You are too large for most types of armour.
You have tough skin. (AC +1)


Message History

Found a meat ration.
Things that are here:
a hand axe; a shiny ring mail; a worm corpse You feel a strong urge to attack something.
You are no longer berserk.
You are exhausted.
You feel yourself slow down.
* * * LOW HITPOINT WARNING * * *
You feel sick. The orc barely misses you.
Things that are here:
a hand axe; a scale mail You hit the orc.
The orc is almost dead.
* * * LOW HITPOINT WARNING * * *
You feel sick. The orc completely misses you.
You barely miss the orc.
The orc is almost dead.
* * * LOW HITPOINT WARNING * * *
You feel sick. The orc hits you with a trident.
You die...

#.#.#......... .............#
#.#.#.....####################
#.#................
#.###.....#.).<..#
..........#......#######
..........#.............
..........#(............
#.........((†...>....)..
###########...))@.......
#.....o....... #.............
#............. #######.......
....... ....... ..%....


You could see an orc.

Vanquished Creatures
  Sigmund (D:2)
  A centaur (D:3)
  An orc wizard (D:3)
  5 adders
  An ooze (D:3)
  3 worms
  A dart slug (D:2)
  2 leopard geckos
  4 orcs (D:3)
  5 bats
  A giant cockroach (D:2)
  5 goblins
  2 hobgoblins
  4 jackals (D:1)
  A quokka (D:3)
  5 frilled lizards (D:2)
  7 kobolds
  4 rats
53 creatures vanquished.

Notes
Turn   | Place    | Note
-------+----------+-------------------------------------------
     0 | D:1      | ponk the Ogre Berserker began the quest for the Orb.
     0 | D:1      | Reached XP level 1. HP: 24/24 MP: 1/1
   110 | D:1      | Reached XP level 2. HP: 32/32 MP: 2/2
   255 | D:1      | Reached skill level 5 in Maces & Flails
   550 | D:1      | Reached XP level 3. HP: 38/39 MP: 3/3
   923 | D:2      | Reached ** piety under Trog
   993 | D:2      | Found a hazy altar of Hepliaklqana.
  1015 | D:2      | Noticed Sigmund
  1032 | D:2      | Killed Sigmund
  1032 | D:2      | Reached skill level 8 in Maces & Flails
  1032 | D:2      | Reached XP level 4. HP: 14/48 MP: 4/4
  1032 | D:2      | Reached XP level 5. HP: 15/54 MP: 5/5
  1267 | D:2      | Found a stormy altar of Qazlal.
  1495 | D:3      | Found a basalt altar of Yredelemnul.
  1914 | D:3      | Reached XP level 6. HP: 48/62 MP: 6/6
  1968 | D:3      | Reached skill level 9 in Maces & Flails
  1989 | D:3      | HP: 3/62 [poisoned by an adder]
  1991 | D:3      | Slain by an orc

Skill      XL: |  1  2  3  4  5  6 |
---------------+-------------------+-----
Maces & Flails | 5 8 9 |  9.5
Fighting       | |  4.0
Dodging        | |  2.6

Action                   |  1- 3 |  4- 6 || total
-------------------------+-------+-------++-------
Melee: Mace              |   101 |    86 ||   187
Throw: Tomahawk          |     5 |       ||     5
Invok: Berserk           |     1 |     1 ||     2
 Stab: Sleeping          |       |     1 ||     1
  Eat: Chunk             |       |     4 ||     4
Armor: Animal skin       |    47 |    21 ||    68
Dodge: Dodged            |    77 |    69 ||   146
